 Dungeon Crawl Stone Soup version 0.30.0-29-ga12c61a403 (webtiles) character file.

Game seed: 10564024715030884278

3883 Graphine the Conjurer (level 10, -8/73 HPs)
             Began as a Human Conjurer on June 21, 2023.
             Was a Priest of Sif Muna.
             Killed from afar by an acid dragon (24 damage)
             ... with a splash of acid
             ... on level 8 of the Dungeon.
             The game lasted 00:19:15 (7130 turns).

Graphine the Conjurer (Human Conjurer)              Turns: 7130, Time: 00:19:16

Health: -8/73      AC: -6    Str:  8    XL:     10   Next: 42%
Magic:  9/19       EV: 18    Int: 23    God:    Sif Muna [***...]
Gold:   373        SH:  0    Dex: 11    Spells: 11/21 levels left

rFire   . . .        y - staff of conjuration
rCold   . . .        (no shield)
rNeg    . . .        a - +0 robe
rPois   .            (no helmet)
rElec   .            (no cloak)
rCorr   .            (no gloves)
SInv    .            (no boots)
Will    .....        l - amulet of magic regeneration
Stlth   ++           i - +5 ring of evasion
HPRegen 0.32/turn    (no ring)
MPRegen 0.56/turn

%: no passive effects
@: corroded
A: no striking features
a: Renounce Religion, Channel Magic, Forget Spell


You were on level 8 of the Dungeon.
You worshipped Sif Muna.
Sif Muna was most pleased with you.
You visited 1 branch of the dungeon, and saw 8 of its levels.

You collected 373 gold pieces.

Inventory:

Hand Weapons
 k - a +0 dagger
 m - the +7 morningstar "Ikkica" {freeze, MP+9}
   (You found it on level 3 of the Dungeon)

   MP:        It affects your magic capacity (+9).
 n - a +2 antimagic dagger
Armour
 a - a +0 robe (worn)
 o - a +3 chain mail
 x - a +0 buckler
Magical Staves
 v - a staff of air
 y - a staff of conjuration (weapon)
Jewellery
 e - an amulet of guardian spirit
 i - a +5 ring of evasion (left hand)
 l - an amulet of magic regeneration (around neck)
 t - an amulet of the acrobat
Wands
 q - a wand of roots (13)
Scrolls
 j - 3 scrolls of poison
 w - a scroll of enchant weapon
Potions
 b - 2 potions of magic
 c - 3 potions of haste
 d - 5 potions of curing
 f - 2 potions of degeneration
 g - 2 potions of heal wounds
 h - 4 potions of might
 p - 2 potions of brilliance
 r - a potion of attraction {unknown}
 s - 2 potions of flight {unknown}
 u - a potion of mutation {unknown}


   Skills:
 + Level 4.5 Fighting
 + Level 4.6 Staves
 + Level 5.1 Dodging
 - Level 2.0 Stealth
 * Level 6.3 Spellcasting
 * Level 7.7 Conjurations
 - Level 2.4 Air Magic
 + Level 5.2 Invocations
 + Level 4.0 Evocations


You had 11 spell levels left.
You knew the following spells:

 Your Spells              Type           Power      Damage    Failure   Level
a - Magic Dart            Conj           100%       1d8       1%          1
b - Searing Ray           Conj           100%       2d8       1%          2
c - Dazzling Flash        Conj/Hex       74%        N/A       4%          3
d - Fulminant Prism       Conj/Hex       18%        3d11      17%         4

Your spell library contained the following spells:

 Spells                   Type           Power      Damage    Failure   Level
 Poisonous Vapours        Pois/Air       24%        N/A       8%          2
 Sting                    Tmut/Pois      28%        1d4       9%          1
 Iskenderun's Mystic Bla  Conj/Tloc      37%        2d9       17%         4
 Olgreb's Toxic Radiance  Pois           7%         N/A       63%         4


Dungeon Overview and Level Annotations

Branches:
Dungeon (8/15)             Temple (0/1) D:5
   Lair: D:8-11

Altars:
Qazlal
Sif Muna
Vehumet

Annotations:
D:5 exclusion: statue


Message History

Your fulminant prism detonates feebly.
Casting: Fulminant Prism (dangerous; 17% risk of failure)
Confirm with . or Enter, or press ? or * to list all spells.
Aiming: Fulminant Prism (dangerous; 17% risk of failure)
Press: ? - help, Dir - move target You feel a surge of power!
You conjure a prism of explosive energy!
A fulminant prism comes into view.
The acid dragon spits acid at you.
The splash of acid hits your fulminant prism!!
The acid corrodes your fulminant prism!
Your fulminant prism detonates feebly.
Casting: Fulminant Prism (dangerous; 17% risk of failure)
Confirm with . or Enter, or press ? or * to list all spells.
Aiming: Fulminant Prism (dangerous; 17% risk of failure)
Press: ? - help, Dir - move target You feel a surge of power!
You miscast Fulminant Prism.
You are very lightly contaminated with residual magic.
Nothing appears to happen.
Casting: Fulminant Prism (dangerous; 17% risk of failure)
Confirm with . or Enter, or press ? or * to list all spells.
Aiming: Fulminant Prism (dangerous; 17% risk of failure)
Press: ? - help, Dir - move target You feel a surge of power!
You conjure a prism of explosive energy!
A fulminant prism comes into view.
The acid dragon spits acid at you. The splash of acid hits you!!
Your fulminant prism crackles loudly.
Your fulminant prism explodes!
The blast of energy engulfs the acid dragon!
The acid dragon is heavily wounded.
The acid dragon spits acid at you. The splash of acid hits you!!
* * * LOW HITPOINT WARNING * * *
The acid corrodes you!
Your magical contamination has completely faded away.
The acid dragon spits acid at you. The splash of acid hits you!!
You die...

..# ......# ...##
###......#
....#####.<......#
.......
#...............#
.......
#......<.......
.......
#..............
.......
##..............
.......
##...#########...
.......## ##@..##
.. .......D##
##..### .
#...####..##
##...##..##
##..D...# ##....##
#...## #...#
#.....


You could see an acid dragon (catching breath).

Vanquished Creatures
  Grinder (D:5)
  2 wyverns (D:7)
  6 yaks (D:7)
  An orc warrior (D:6)
  A black bear (D:5)
  3 ice beasts
  A sky beast (D:7)
  2 ogres (D:5)
  A centaur (D:6)
  3 phantoms
  4 bullfrogs
  3 scorpions (D:5)
  3 howler monkeys (D:7)
  4 hounds
  A gnoll bouda (D:7)
  5 orc priests
  A sleepcap (D:6)
  8 iguanas
  10 orc wizards
  6 adders
  2 white imps (D:7)
  2 ufetubi
  2 worms
  A dart slug (D:1)
  23 orcs
  4 ball pythons
  4 bats
  7 endoplasms
  4 giant cockroaches
  7 goblins
  6 hobgoblins
  2 jackals (D:3)
  A quokka (D:3)
  2 frilled lizards (D:2)
  6 kobolds
  4 rats
143 creatures vanquished.

Vanquished Creatures (others)
  16 fulminant prisms
16 creatures vanquished.

Grand Total: 159 creatures vanquished

Notes
Turn   | Place    | Note
-------+----------+-------------------------------------------
     0 | D:1      | Graphine the Human Conjurer began the quest for the Orb.
     0 | D:1      | Reached XP level 1. HP: 13/13 MP: 3/3
   510 | D:1      | Reached XP level 2. HP: 20/20 MP: 0/5
   818 | D:2      | Found a shimmering blue altar of Sif Muna.
   833 | D:2      | Became a worshipper of Sif Muna the Loreminder
   868 | D:2      | Reached XP level 3. HP: 25/25 MP: 4/6
   969 | D:2      | Reached skill level 1 in Fighting
  1205 | D:2      | Reached skill level 1 in Invocations
  1802 | D:3      | Learned a level 2 spell: Searing Ray
  1806 | D:3      | Learned a level 3 spell: Dazzling Flash
  1845 | D:3      | Reached skill level 1 in Staves
  1888 | D:3      | Reached XP level 4. HP: 32/32 MP: 5/7
  1952 | D:3      | Identified the +7 morningstar "Ikkica" {freeze, MP+9}
  2044 | D:3      | Reached * piety under Sif Muna
  2181 | D:3      | Found a stormy altar of Qazlal.
  2183 | D:3      | Noticed a fire elemental
  2183 | D:3      | Noticed an earth elemental
  2184 | D:3      | Noticed a water elemental
  2184 | D:3      | Noticed an air elemental
  2342 | D:3      | Noticed a phantom
  2351 | D:3      | Killed a phantom
  2352 | D:3      | Reached XP level 5. HP: 25/38 MP: 8/8
  2821 | D:4      | Reached XP level 6. HP: 17/44 MP: 10/10
  3208 | D:4      | Learned a level 4 spell: Fulminant Prism
  3741 | D:5      | Entered Level 5 of the Dungeon
  3741 | D:5      | Noticed an ogre
  3746 | D:5      | Killed an ogre
  3747 | D:5      | Reached XP level 7. HP: 50/50 MP: 11/11
  3750 | D:5      | Reached skill level 1 in Air Magic
  3799 | D:5      | Reached ** piety under Sif Muna
  3800 | D:5      | Reached skill level 5 in Conjurations
  3800 | D:5      | Reached skill level 1 in Evocations
  3944 | D:5      | Reached XP level 8. HP: 49/57 MP: 13/13
  4034 | D:5      | Noticed Grinder
  4051 | D:5      | Killed Grinder
  4453 | D:5      | Found a staircase to the Ecumenical Temple.
  4479 | D:5      | Found a radiant altar of Vehumet.
  4937 | D:6      | Reached skill level 6 in Conjurations
  5009 | D:6      | Reached XP level 9. HP: 50/64 MP: 11/15
  5172 | D:6      | Reached skill level 5 in Spellcasting
  5956 | D:7      | Reached *** piety under Sif Muna
  6045 | D:7      | Reached skill level 7 in Conjurations
  6181 | D:7      | Reached XP level 10. HP: 67/71 MP: 8/18
  6792 | D:7      | Reached skill level 5 in Invocations
  6955 | D:7      | Reached skill level 5 in Dodging
  7130 | D:8      | Killed from afar by an acid dragon

Illustrated notes

Levels and vault maps discovered:
D:1:      wander_arrival_chamber, layout_loops_ring, minmay_misc_feat_chi,
          minmay_pentomino_q2
D:2:      layout_loops_ring, serial_co_window_serial, co_window_paths_a,
          co_window_paths_a, co_window_paths_a, co_window_paths_a,
          co_window_paths_b, co_window_broadway_a, co_window_broadway_a,
          co_window_broadway_b, co_window_broadway_b, co_window_broadway_b,
          co_window_4corner_b, co_window_paths_d, glass_columns_a,
          glass_columns_a, glass_columns_a, glass_columns_c, glass_columns_b,
          basic_altar
D:3:      layout_loops_ring, nicolae_qazlal_style_of_elements,
          kennysheep_generic_room_16
D:4:      layout_gridville
D:5:      layout_cave_pods, vehumet_statue, minmay_temple_entry_antechambers,
          st_stairs_3, water_maze_lemuel, uniq_grinder
D:6:      layout_loops_cross
D:7:      kb_forest_paths, layout_basic
D:8:      layout_layer_cave, kiku_gazebo_garden_becter, st_stairs_11

Skill      XL: |  1  2  3  4  5  6  7  8  9 10 |
---------------+-------------------------------+-----
Fighting       | 1 2 3 4 |  4.5
Invocations    | 1 2 3 4 5 |  5.2
Staves         | 1 2 3 4 |  4.6
Spellcasting   | 3 4 5 6 |  6.3
Dodging        | 3 4 5 |  5.1
Air Magic      | 1 2 |  2.4
Conjurations   | 5 6 7 |  7.7
Evocations     | 1 2 3 4 |  4.0
Stealth        | |  2.0

Action                     |  1- 3 |  4- 6 |  7- 9 | 10-12 || total
---------------------------+-------+-------+-------+-------++-------
  Melee: Unarmed           |     9 |       |       |       ||     9
         Morningstar       |       |     8 |       |       ||     8
         Staff             |       |       |     7 |       ||     7
   Cast: Magic Dart        |    67 |    73 |    68 |     3 ||   211
         Searing Ray       |       |    17 |    55 |    11 ||    83
         Dazzling Flash    |       |     1 |       |       ||     1
         Fulminant Prism   |       |       |     9 |     7 ||    16
    Use: Scroll            |     4 |     5 |     2 |     4 ||    15
         Potion            |       |       |     1 |     2 ||     3
 Armour: Robe              |     2 |     1 |       |     1 ||     4
  Dodge: Dodged            |     6 |    23 |    56 |    26 ||   111
